 Dungeon Sprint DCSS version 0.14-a0-3294-g830ee6c (webtiles) character file.

11321 BluebellGnoll the Sorcerer (level 11, -7/54 HPs)
             Began as a Deep Elf Fire Elementalist on Mar 13, 2014.
             Was the Champion of Vehumet.
             Killed from afar by a deep elf death mage (46 damage)
             ... with a bolt of negative energy
             ... in the Dungeon (Sprint III: "The Ten Rune Challenge").
             The game lasted 00:17:01 (1975 turns).

BluebellGnoll the Sorcerer (DEFE)                   Turns: 1975, Time: 00:17:01

HP  -7/54        AC  3     Str  5      XL: 11   Next:  4%
MP  14/39        EV 17     Int 24      God: Vehumet [******]
Gold 3331        SH  0     Dex 15      Spells:  8 memorised, 28 levels left

rFire  . . .     SeeInvis .     m - +0 dagger
rCold  . . .     Clarity  .     a - +1 robe
rNeg   . . .     Conserve .     (no shield)
rPois  .         rCorr    .     (no helmet)
rElec  .         rRot     .     (no cloak)
SustAb . .       Spirit   .     (no gloves)
rMut   .         Warding  .     (no boots)
Saprov . . .     NoTele   +     (no amulet)
MR     +....                    (no ring)
                                (no ring)

@: drained, somewhat resistant to hostile enchantments, very stealthy
A: no striking features
a: Renounce Religion


You were in the Dungeon.
You worshipped Vehumet.
Vehumet was exalted by your worship.
You were not hungry.

You visited 1 branch You collected 3331 gold pieces.

Inventory:

Hand weapons
 m - a +0,+0 dagger (weapon)
 o - a +0,+1 long sword of holy wrath
Armour
 a - a +1 robe (worn)
 t - a +2 robe of cold resistance
Comestibles
 c - 2 bread rations
Potions
 d - 2 potions of curing
 e - a potion of heal wounds
 f - 2 potions of haste
 g - 2 potions of magic
 h - a potion of berserk rage
 j - a potion of restore abilities {unknown}
 k - a potion of might
 l - a potion of strong poison {unknown}
 q - 2 potions of flight
 r - a potion of decay {unknown}
Books
 b - a book of Flames

   Spells                             Type                      Level
   *Flame Tongue                      Conjuration/Fire             1
   *Throw Flame                       Conjuration/Fire             2
   *Conjure Flame                     Conjuration/Fire             3
   *Inner Flame                       Hexes/Fire                   3
   *Sticky Flame                      Conjuration/Fire             4
   *Fireball                          Conjuration/Fire             5
 n - a book of Clouds

   Spells                             Type                      Level
   *Mephitic Cloud                    Conjuration/Poison/Air       3
   *Conjure Flame                     Conjuration/Fire             3
   Poisonous Cloud                    Conjuration/Poison/Air       6
   Freezing Cloud                     Conjuration/Ice/Air          6
   Ring of Flames                     Charms/Fire                  7
Miscellaneous
 p - a crystal ball of energy


   Skills:
 - Level 9.7(8.8) Dodging
 - Level 10.1(9.2) Stealth
 + Level 21.8(20.6) Spellcasting
 + Level 16.8(15.7) Conjurations
 - Level 3.2(2.4) Fire Magic


You had 28 spell levels left.
You knew the following spells:

 Your Spells              Type           Power        Failure   Level  Hunger
a - Flame Tongue          Conj/Fire      #####        1%          1    None
b - Throw Flame           Conj/Fire      ######       1%          2    None
c - Conjure Flame         Conj/Fire      ######..     1%          3    None
d - Inner Flame           Hex/Fire       ####....     1%          3    None
e - Sticky Flame          Conj/Fire      ######..     1%          4    None
f - Mephitic Cloud        Conj/Pois/Air  ######..     1%          3    None
g - Fireball              Conj/Fire      ######....   1%          5    None
h - Iskenderun's Mystic   Conj           #######.     1%          4    None


Dungeon Overview and Level Annotations

Branches:
Dungeon (1/1)

Altars:
Cheibriados
Dithmenos
Elyvilon
Fedhas
Kikubaaqudgha
Makhleb
Nemelex Xobeh
Okawaru
Sif Muna
Trog
Vehumet
Xom
Yredelemnul
Zin
The Shining One

Shops:
D :


Message History

Casting: Fireball
Confirm with . or Enter, or press ? or * to list all spells.
Aiming: Fireball
Press: ? - help, Shift-Dir - straight line, f - lost soul
Aim: a lost soul (steam, water, moderately damaged, summoned)
The fireball explodes!
The fireball engulfs the lost soul.
The lost soul resists.
The lost soul is severely damaged.
The fireball engulfs the deep elf death mage.
The deep elf death mage is severely wounded.
The fireball engulfs the deep elf high priest.
You kill the deep elf high priest!
Vehumet accepts your kill.
You feel your power returning.
The lost soul assumes the form of the deep elf high priest and becomes anchored to this world!
You have reached level 11!
The deep elf death mage points at you and mumbles some strange words.
The bolt of negative energy hits you!
You feel drained.
Ouch! That really hurt!
You die...

▓▓▓ ▓▓▓
###.#######.####### ###
_#)#.##.#...'.#...# ee.'
_#........%##.#...##§W≈≈#
##[).).....##%#...≈≈§§e...
.#.)......#.#)#.@.##≈≈
.#)##.∩.#..##)%...#
)#)###.############
.#'####### .#.§§§≈'.#
.#%#§§≈#.# .(.#§§§#
.#.#.§.# ▓▓▓▓▓▓▓▓


You could see a deep elf death mage, a deep elf demonologist (wandering) and a
spectral elf.

Vanquished Creatures
  2 deep elf demonologists (D)
  A deep elf high priest (D)
  Josephine (D)
  3 deep elf knights (D)
  A deep elf summoner (D)
  A deep elf conjurer (D)
  An orc knight (D)
  An orc sorcerer (D)
  A deep elf priest (D)
  2 humans (D)
  A demigod (D)
  A spatial vortex (D)
  A necrophage (D)
  An orc warrior (D)
  A water elemental (D)
  An orc priest (D)
  A wizard (D)
  A jelly (D)
  A necromancer (D)
  A kobold demonologist (D)
  An elf (D)
  A giant mite (D)
  A phantom (D)
  13 orcs (D)
  A kobold (D)
  3 rats (D)
44 creatures vanquished.

Vanquished Creatures (others)
  2 draconian scorchers (D)
  A yaktaur (D)
3 creatures vanquished.

Grand Total: 47 creatures vanquished

Notes
Turn   | Place    | Note
--------------------------------------------------------------
     0 | D        | BluebellGnoll, the Deep Elf Fire Elementalist, began the quest for the Orb.
     0 | D        | Reached XP level 1. HP: 10/10 MP: 5/5
    27 | D        | Reached skill level 4 in Spellcasting
   165 | D        | Reached skill level 6 in Spellcasting
   165 | D        | Reached XP level 2. HP: 15/15 MP: 4/12
   169 | D        | Learned a level 2 spell: Throw Flame
   255 | D        | Killed a white draconian scorcher
   273 | D        | Killed a white draconian scorcher
   318 | D        | Reached skill level 8 in Spellcasting
   470 | D        | Reached XP level 3. HP: 13/19 MP: 0/18
   475 | D        | Learned a level 3 spell: Conjure Flame
   479 | D        | Learned a level 3 spell: Inner Flame
   714 | D        | Killed a yaktaur
   725 | D        | Noticed a water elemental
   731 | D        | Killed a water elemental
   731 | D        | Reached XP level 4. HP: 24/24 MP: 14/21
   737 | D        | Learned a level 4 spell: Sticky Flame
   768 | D        | Found a radiant altar of Vehumet.
   768 | D        | Found a deep blue altar of Sif Muna.
   768 | D        | Found an ancient bone altar of Kikubaaqudgha.
   768 | D        | Noticed a wizard
   771 | D        | Killed a wizard
   773 | D        | Noticed a hellwing
   785 | D        | Learned a level 3 spell: Mephitic Cloud
   786 | D        | Became a worshipper of Vehumet
   810 | D        | Found a glowing silver altar of Zin.
   810 | D        | Found a glowing golden altar of the Shining One.
   810 | D        | Found a white marble altar of Elyvilon.
   811 | D        | Noticed a deep elf priest
   819 | D        | Killed a deep elf priest
   819 | D        | Reached skill level 13 in Conjurations
   819 | D        | Reached XP level 5. HP: 15/28 MP: 19/23
   819 | D        | Reached XP level 6. HP: 17/32 MP: 19/24
   826 | D        | Learned a level 5 spell: Fireball
   836 | D        | Found an iron altar of Okawaru.
   836 | D        | Found a bloodstained altar of Trog.
   836 | D        | Noticed a human
   836 | D        | Noticed a human
   844 | D        | Killed a human
   844 | D        | Reached XP level 7. HP: 21/36 MP: 5/26
   844 | D        | Killed a human
   844 | D        | Acquired Vehumet's first power
   844 | D        | Offered knowledge of Sandblast by Vehumet.
   959 | D        | Found a basalt altar of Yredelemnul.
   959 | D        | Found a snail-covered altar of Cheibriados.
   959 | D        | Found a blossoming altar of Fedhas.
   959 | D        | Noticed a necrophage
   959 | D        | Noticed a necromancer
   964 | D        | Killed a necromancer
   969 | D        | Killed a necrophage
  1027 | D        | Noticed a jelly
  1028 | D        | Noticed a demigod
  1037 | D        | Killed a jelly
  1037 | D        | Offered knowledge of Searing Ray by Vehumet.
  1038 | D        | Killed a demigod
  1107 | D        | Found a burning altar of Makhleb.
  1107 | D        | Found a shimmering altar of Xom.
  1107 | D        | Found a shadowy altar of Dithmenos.
  1107 | D        | Found a sparkling altar of Nemelex Xobeh.
  1107 | D        | Noticed a spatial vortex
  1120 | D        | Killed a spatial vortex
  1120 | D        | Reached skill level 10 in Stealth
  1120 | D        | Reached XP level 8. HP: 41/41 MP: 15/27
  1181 | D        | Noticed Josephine
  1195 | D        | Killed Josephine
  1418 | D        | Noticed an orc knight
  1422 | D        | Noticed an orc warrior
  1422 | D        | Offered knowledge of Stone Arrow by Vehumet.
  1426 | D        | Noticed an orc priest
  1428 | D        | Acquired Vehumet's second power
  1429 | D        | Killed an orc priest
  1431 | D        | Killed an orc knight
  1431 | D        | Reached skill level 15 in Spellcasting
  1431 | D        | Reached XP level 9. HP: 10/45 MP: 22/34
  1436 | D        | Acquired Vehumet's third power
  1443 | D        | Noticed an orc sorcerer
  1443 | D        | Killed an orc sorcerer
  1443 | D        | Reached skill level 17 in Spellcasting
  1582 | D        | Killed an orc warrior
  1582 | D        | Offered knowledge of Iskenderun's Mystic Blast by Vehumet.
  1588 | D        | Learned a level 4 spell: Iskenderun's Mystic Blast
  1672 | D        | Found Daefris' Book Shoppe.
  1699 | D        | Noticed a deep elf conjurer
  1699 | D        | Noticed a deep elf summoner
  1699 | D        | Noticed a deep elf knight
  1699 | D        | Noticed a deep elf knight
  1699 | D        | Noticed a deep elf knight
  1703 | D        | Killed a deep elf knight
  1703 | D        | Offered knowledge of Venom Bolt by Vehumet.
  1708 | D        | Killed a deep elf knight
  1708 | D        | Reached skill level 18 in Spellcasting
  1709 | D        | Killed a deep elf summoner
  1709 | D        | Reached skill level 19 in Spellcasting
  1709 | D        | Reached XP level 10. HP: 24/50 MP: 16/37
  1711 | D        | Killed a deep elf conjurer
  1711 | D        | Reached skill level 15 in Conjurations
  1715 | D        | Killed a deep elf knight
  1862 | D        | Noticed a deep elf demonologist
  1953 | D        | Noticed a deep elf annihilator
  1955 | D        | Noticed a deep elf demonologist
  1968 | D        | Noticed a blizzard demon
  1968 | D        | Killed a deep elf demonologist
  1968 | D        | Offered knowledge of Olgreb's Toxic Radiance by Vehumet.
  1968 | D        | Reached skill level 20 in Spellcasting
  1969 | D        | Killed a deep elf demonologist
  1969 | D        | Reached skill level 21 in Spellcasting
  1972 | D        | Noticed a deep elf death mage
  1972 | D        | Noticed a deep elf master archer
  1972 | D        | Noticed a deep elf high priest
  1973 | D        | Noticed a deep elf demonologist
  1975 | D        | Killed a deep elf high priest
  1975 | D        | Reached XP level 11. HP: 39/54 MP: 14/39
  1975 | D        | Killed from afar by a deep elf death mage

Action                   |  1- 3 |  4- 6 |  7- 9 | 10-12 || total
-------------------------+-------+-------+-------+-------++-------
Melee: Dagger            |       |     1 |     1 |       ||     2
 Cast: Flame Tongue      |    17 |     9 |    32 |     6 ||    64
       Throw Flame       |     9 |       |     6 |       ||    15
       Sticky Flame      |       |     2 |     7 |       ||     9
       Mephitic Cloud    |       |     1 |     6 |     1 ||     8
       Fireball          |       |     1 |     6 |     7 ||    14
       Inner Flame       |       |       |     3 |       ||     3
       Conjure Flame     |       |       |     1 |       ||     1
  Use: Scroll            |     6 |       |       |       ||     6
 Stab: Sleeping          |       |     1 |     1 |       ||     2
